 Dungeon Crawl Stone Soup version 0.27.1-3-gb3d3a73c9e (webtiles) character file.

Game seed: 5008304575356627429

743 H0rd4k the Cutter (level 8, -4/88 HPs)
             Began as a Human Artificer on Oct 26, 2021.
             Was an Initiate of Gozag.
             Slain by a vampire mosquito (7 damage)
             ... on level 6 of the Dungeon.
             The game lasted 00:09:26 (7167 turns).

H0rd4k the Cutter (Human Artificer)                 Turns: 7167, Time: 00:09:27

Health: -4/88      AC:  3    Str: 15    XL:     8   Next: 5%
Magic:  8/8        EV: 12    Int: 12    God:    Gozag
Gold:   478        SH:  0    Dex: 13    Spells: 7/7 levels left

rFire    . . .     SeeInvis .   h - +0 short sword (speed)
rCold    . . .     Faith    .   (no shield)
rNeg     + . .     Spirit   .   b - +0 leather armour
rPois    .         Reflect  .   (no helmet)
rElec    .         Harm     .   (no cloak)
rCorr    .         Rampage  .   (no gloves)
Will     .....                  (no boots)
Stlth    ..........             (no amulet)
HPRegen  0.24/turn              y - ring of positive energy
MPRegen  0.11/turn              (no ring)

@: berserking, gold aura, very quick
A: no striking features
a: Renounce Religion, Potion Petition, Call Merchant, Bribe Branch


You were on level 6 of the Dungeon.
You worshipped Gozag.
Gozag was aware of your devotion.
You visited 2 branches of the dungeon, and saw 7 of its levels.
You also visited: Ossuary.

You collected 559 gold pieces.
You paid 81 gold pieces to Gozag.

Inventory:

Hand Weapons
 a - a +0 club
 h - a +0 short sword of speed (weapon)
Armour
 b - a +0 leather armour (worn)
Jewellery
 y - a ring of positive energy (left hand)
Scrolls
 i - a scroll of immolation {unknown}
 j - a scroll of enchant armour {unknown}
 k - 2 scrolls of fog {unknown}
 m - 3 scrolls of teleportation {unknown}
 n - a scroll of fear {unknown}
 o - 2 scrolls of brand weapon {unknown}
 p - 3 scrolls of acquirement {unknown}
 s - a scroll of enchant weapon {unknown}
 v - 3 scrolls of magic mapping {unknown}
 A - a scroll of noise {unknown}
Potions
 c - 2 potions of brilliance {unknown}
 f - 2 potions of berserk rage
 g - 3 potions of invisibility {unknown}
 l - a potion of lignification {unknown}
 q - a potion of curing {unknown}
 r - 3 potions of heal wounds {unknown}
 t - a potion of ambrosia {unknown}
 u - 4 potions of degeneration {unknown}
 w - a potion of might {unknown}
 x - a potion of mutation {unknown}
 z - a potion of attraction {unknown}
 B - a potion of haste {unknown}
 C - a potion of flight {unknown}
Miscellaneous
 e - a piece from Xom's chessboard (15/15)


   Skills:
 + Level 3.6 Fighting
 + Level 5.5 Short Blades
 - Level 2.0 Armour
 + Level 3.3 Dodging
 - Level 1.0 Stealth
 + Level 4.5 Evocations


You had 7 spell levels left.
You didn't know any spells.
Your spell library contained the following spells:

 Spells                   Type           Power      Damage    Failure   Level
 Slow                     Hex            0%         N/A       52%         2
 Confusing Touch          Hex            0%         N/A       77%         3
 Stone Arrow              Conj/Erth      0%         3d7       77%         3
 Bolt of Magma            Conj/Fire/Erth 0%         4d4       100%        5
 Fireball                 Conj/Fire      0%         3d3       100%        5
 Iskenderun's Battlesphe  Conj           0%         2d6       100%        5
 Yara's Violent Unravell  Hex/Tmut       0%         3d3       100%        5
 Conjure Ball Lightning   Conj/Air       0%         3x3d6     100%        6
 Orb of Destruction       Conj           0%         N/A       100%        7
 Shatter                  Erth           0%         3d5*      100%        9


Dungeon Overview and Level Annotations

Branches:
Dungeon (6/15)             Temple (1/1) D:4         Ossuary (visited)

Altars:
Ashenzari
Cheibriados
Dithmenos
Elyvilon
Fedhas
Gozag
Hepliaklqana
Nemelex Xobeh
Okawaru
Sif Muna
Trog
Uskayaw
Vehumet
Wu Jian
Xom
Zin
The Shining One

Shops:
D:3 =

Annotations:
D:4 exclusion: necrophage
D:5 exclusions: 2 downstairs and sky beast
D:6 Duvessa


Message History

Duvessa goes berserk!
Your vampire mosquito barely misses the vampire mosquito.
The vampire mosquito bites you.
The vampire mosquito bites your vampire mosquito!
Your vampire mosquito is destroyed!
The vampire mosquito bites you.
The vampire mosquito draws strength from your injuries!
The vampire mosquito bites Duvessa.
The vampire mosquito draws strength from Duvessa's injuries!
Duvessa hits the vampire mosquito with a +0 short sword.
The vampire mosquito bites you but does no damage.
The vampire mosquito bites Duvessa.
The vampire mosquito draws strength from Duvessa's injuries!
You hear an angry buzzing noise.
The vampire mosquito barely misses you.
Duvessa hits the vampire mosquito with a +0 short sword.
The vampire mosquito bites you!
* * * LOW HITPOINT WARNING * * *
The vampire mosquito draws strength from your injuries!
Unknown command.
It was a potion of berserk rage.
A red film seems to cover your vision as you go berserk!
You feel yourself moving faster!
You feel mighty! The vampire mosquito bites you!
* * * LOW HITPOINT WARNING * * *
The vampire mosquito draws strength from your injuries!
Duvessa misses the vampire mosquito.
The vampire mosquito bites you!
* * * LOW HITPOINT WARNING * * *
The vampire mosquito draws strength from your injuries!
The vampire mosquito is distracted by your dazzling golden aura.
Duvessa hits the vampire mosquito with a +0 short sword.
The vampire mosquito is no longer distracted by gold.
The vampire mosquito buzzes angrily.
The vampire mosquito barely misses you.
You are too berserk!
You closely miss the vampire mosquito.
The vampire mosquito is lightly damaged.
The vampire mosquito bites you!
You die...
Your body crumbles into a pile of gold.

...........#.#
.............#
#............#
#...........#
.##....$.....
.........$####
##.......e..#
#...y...yy..#
#........@..#
#..#.......##
#. #......##
.. #......##
...o....#..
..#^....##.
.^§...≈^ ..
≈.≈§^.≈# .#
^§.§^.. .#


You could see 3 vampire mosquitoes, an orc and the friendly Duvessa (charmed,
berserk).

Vanquished Creatures
  2 ogres (D:4)
  A phantom (D:4)
  An elf zombie (Ossuary)
  A hound (D:5)
  2 human zombies (Ossuary)
  A jelly (D:5)
  A centaur zombie (D:6)
  An orc priest (D:4)
  Jessica (D:2)
  An orc wizard (D:5)
  A scorpion zombie (D:5)
  2 mummies (Ossuary)
  Robin (D:2)
  A howler monkey skeleton (D:5)
  2 adders
  2 shadow imps
  An adder skeleton (D:4)
  A worm (D:2)
  2 dart slugs
  3 orcs
  7 ball pythons
  6 endoplasms
  A giant cockroach (D:2)
  7 goblins
  7 hobgoblins
  4 jackals (D:4)
  3 quokkas
  5 bats
  3 frilled lizards (D:3)
  A goblin zombie (Ossuary)
  10 hobgoblin zombies (Ossuary)
  3 jackal zombies (Ossuary)
  6 kobolds
  13 kobold zombies (Ossuary)
  6 orc zombies (Ossuary)
  A rat (D:2)
  A spectral kobold (D:4)
112 creatures vanquished.

Vanquished Creatures (collateral kills)
  An ogre (D:4)
  Dowan (D:6)
  A jelly (D:5)
  An orc wizard (D:4)
  2 adders
  2 orcs (D:4)
  A goblin (D:2)
  A hobgoblin (D:2)
10 creatures vanquished.

Vanquished Creatures (others)
  A vampire mosquito (D:6)
  A hound (D:5)
2 creatures vanquished.

Grand Total: 124 creatures vanquished

Notes
Turn   | Place    | Note
-------+----------+-------------------------------------------
     0 | D:1      | H0rd4k the Human Artificer began the quest for the Orb.
     0 | D:1      | Reached XP level 1. HP: 15/15 MP: 1/1
   394 | D:1      | Reached XP level 2. HP: 21/21 MP: 2/2
  1454 | D:2      | Reached XP level 3. HP: 26/26 MP: 3/3
  1464 | D:2      | Noticed Robin
  1805 | D:3      | Found Ecudduyl's Jewellery Shoppe.
  1822 | D:3      | Found a shadowy altar of Dithmenos.
  1893 | D:3      | Reached skill level 1 in Short Blades
  1985 | D:2      | Killed Robin
  1997 | D:2      | Reached XP level 4. HP: 25/33 MP: 4/4
  2174 | D:2      | Noticed Jessica
  2190 | D:2      | Killed Jessica
  2408 | D:2      | Reached skill level 2 in Short Blades
  2814 | D:3      | Found a faded altar of an unknown god.
  2909 | D:4      | Reached XP level 5. HP: 29/38 MP: 5/5
  3017 | D:4      | Noticed an ogre
  3120 | D:4      | Killed an ogre
  3220 | D:4      | Noticed a phantom
  3259 | D:4      | Noticed an ogre
  3310 | D:4      | Noticed an ogre
  3381 | D:4      | Killed a phantom
  3382 | D:4      | Reached skill level 3 in Short Blades
  3382 | D:4      | Reached XP level 6. HP: 12/46 MP: 6/6
  3687 | D:4      | Found a staircase to the Ecumenical Temple.
  3702 | Temple   | Entered the Ecumenical Temple
  3921 | D:4      | Found a hazy altar of Hepliaklqana.
  3956 | D:4      | Killed an ogre
  3992 | D:4      | Killed an ogre
  3993 | D:4      | Reached skill level 4 in Short Blades
  4290 | D:4      | Noticed a necrophage
  4375 | D:5      | Entered Level 5 of the Dungeon
  4405 | D:5      | Reached XP level 7. HP: 51/51 MP: 7/7
  4450 | D:5      | Found an opulent altar of Gozag.
  4451 | D:5      | Found a sparkling altar of Nemelex Xobeh.
  4457 | D:5      | Became a worshipper of Gozag Ym Sagoz the Greedy
  4501 | D:5      | Found a sand-covered staircase.
  4506 | Ossuary  | Entered an ossuary
  5555 | Ossuary  | Reached skill level 5 in Short Blades
  6484 | D:6      | Noticed a vampire mosquito
  6485 | D:6      | Noticed a vampire mosquito
  6486 | D:6      | Noticed a vampire mosquito
  6858 | D:6      | Noticed Duvessa
  6858 | D:6      | Noticed Dowan
  6878 | D:6      | Reached XP level 8. HP: 19/58 MP: 8/8
  7160 | D:6      | Killed Dowan
  7166 | D:6      | HP: 3/88 [vampire mosquito (11)]
  7167 | D:6      | Slain by a vampire mosquito

Illustrated notes

Levels and vault maps discovered:
D:1:      mrwooster_arrival_statue, layout_rooms
D:2:      layout_loops_ring, grunt_ministairs_8, uniq_jessica, uniq_robin
D:3:      layout_rooms, grunt_dithmenos_smoke, serial_shops, shop,
          basic_ecumenical_altar
D:4:      layout_rooms, nicolae_hepliaklqana_monster_ancestors,
          minmay_temple_entry_ruins
D:5:      minmay_spotlight, layout_rooms, grunt_temple_overflow_opulence,
          serial_shops, nicolae_shop_stone, enter_ossuary_2, serial_bayou_pond_a
D:6:      cheibrodos_helix_gallery, layout_cave_pools,
          overflow_temple_1_default, grunt_qazlal_sundering, uniq_blork_the_orc,
          uniq_duvessa
Temple:   nicolae_temple_god_jail

Skill      XL: |  1  2  3  4  5  6  7 |
---------------+----------------------+-----
Short Blades   | 1 2 3 4 5 |  5.5
Fighting       | 2 3 |  3.6
Evocations     | 4 |  4.5
Dodging        | 2 3 |  3.3
Armour         | |  2.0
Stealth        | |  1.0

Action                   |  1- 3 |  4- 6 |  7- 9 || total
-------------------------+-------+-------+-------++-------
Melee: Club              |    17 |       |       ||    17
       Short sword       |   127 |   149 |   365 ||   641
Evoke: Wand              |     8 |    16 |     6 ||    30
       Piece from Xom's  |       |     1 |       ||     1
  Use: Potion            |       |       |     1 ||     1
Armor: Leather armour    |    36 |    25 |    53 ||   114
Dodge: Dodged            |    70 |    59 |   140 ||   269
